 Dungeon Crawl Stone Soup version 0.29.0-13-gc9e81de378 (webtiles) character file.

Game seed: 4915537516223913508

1444 themarg the Insei (level 8, -3/61 HPs)
             Began as a Gnoll Transmuter on Sept 7, 2022.
             Slain by an ice beast (12 damage)
             ... on level 6 of the Dungeon.
             The game lasted 00:14:37 (5980 turns).

themarg the Insei (Gnoll Transmuter)                Turns: 5980, Time: 00:14:38

Health: -3/61      AC:  2    Str: 16    XL:     8   Next: 74%
Magic:  16/17      EV: 23    Int: 21    God:
Gold:   226        SH:  0    Dex: 17    Spells: 13/19 levels left

rFire   . . .      SeeInvis .     - Unarmed
rCold   . . .      Faith    .   (shield currently unavailable)
rNeg    . . .      Spirit   .   (body armour currently unavailable)
rPois   x          Reflect  .   (helmet currently unavailable)
rElec   .          Harm     .   (cloak currently unavailable)
rCorr   .          Rampage  .   (gloves currently unavailable)
Will    .....                   (boots currently unavailable)
Stlth   +++.......              (no amulet)
HPRegen 0.20/turn               m - +6 ring of strength
MPRegen 0.15/turn               n - +6 ring of intelligence

@: spider-form (expiring)
A: venomous fangs, tiny, (fangs 1), strong nose, distributed training
a: End Transformation


You were on level 6 of the Dungeon.
You were a venomous arachnid creature.
You visited 1 branch of the dungeon, and saw 6 of its levels.

You collected 226 gold pieces.

Inventory:

Hand Weapons
 o - a +1 dagger of electrocution (melded)
 p - a +1 spectral club
Missiles
 h - 26 poisoned darts
Armour
 a - a +0 robe (melded)
 d - a +0 ring mail of cold resistance
 i - a +0 helmet (melded)
 y - the +1 Delatra's gloves (melded) {ID++}
   (You found it on level 4 of the Dungeon)

   It heals its wearer when they drink unknown potions.
   It restores its wearer's MP when they read unknown scrolls.
Jewellery
 m - a +6 ring of strength (left front leg)
 n - a +6 ring of intelligence (right front leg)
Wands
 f - a wand of mindburst (11)
 q - a wand of flame (19)
 J - a wand of quicksilver (6)
Scrolls
 e - 8 scrolls of identify {unknown}
 j - a scroll of enchant weapon {unknown}
 k - a scroll of vulnerability {unknown}
 s - a scroll of noise {unknown}
 u - a scroll of magic mapping {unknown}
 v - a scroll of enchant armour {unknown}
 z - a scroll of amnesia {unknown}
 A - a scroll of immolation {unknown}
 C - 2 scrolls of fog {unknown}
 D - a scroll of teleportation {unknown}
 E - a scroll of poison {unknown}
 G - 2 scrolls of silence {unknown}
Potions
 b - 2 potions of lignification
 c - 4 potions of degeneration {unknown}
 g - 3 potions of curing {unknown}
 l - 2 potions of cancellation {unknown}
 r - a potion of ambrosia {unknown}
 t - a potion of berserk rage {unknown}
 w - a potion of brilliance {unknown}
 x - 2 potions of heal wounds {unknown}
 B - a potion of mutation {unknown}
 F - a potion of invisibility {unknown}
 H - a potion of attraction {unknown}
 I - a potion of haste {unknown}


   Skills:
 + Level 4.5 Fighting
 + Level 3.7 Short Blades
 + Level 3.7 Long Blades
 + Level 3.7 Axes
 + Level 3.7 Maces & Flails
 + Level 3.7 Polearms
 + Level 3.7 Staves
 + Level 3.7 Ranged Weapons
 + Level 3.7 Throwing
 + Level 3.7 Armour
 + Level 5.9 Dodging
 + Level 3.7 Stealth
 + Level 3.7 Shields
 + Level 7.6 Unarmed Combat
 + Level 6.3 Spellcasting
 + Level 3.0 Conjurations
 + Level 3.0 Hexes
 + Level 3.0 Summonings
 + Level 3.0 Necromancy
 + Level 3.0 Translocations
 + Level 4.9 Transmutations
 + Level 3.0 Fire Magic
 + Level 3.0 Ice Magic
 + Level 3.0 Air Magic
 + Level 3.0 Earth Magic
 + Level 3.0 Poison Magic
 + Level 4.0 Invocations
 + Level 3.7 Evocations


You had 13 spell levels left.
You knew the following spells:

 Your Spells              Type           Power      Damage    Failure   Level
a - Beastly Appendage     Tmut           54%        N/A       6%          1
b - Wereblood             Tmut           27%        N/A       8%          2
c - Spider Form           Tmut/Pois      23%        N/A       16%         3

Your spell library contained the following spells:

 Spells                   Type           Power      Damage    Failure   Level
 Sting                    Tmut/Pois      92%        1d7       8%          1
 Necrotise                Necr           76%        1d7       10%         1
 Poisonous Vapours        Pois/Air       38%        N/A       13%         2
 Vampiric Draining        Necr           19%        2d7       22%         3
 Ice Form                 Ice/Tmut       23%        N/A       38%         4
 Anguish                  Hex/Necr       9%         N/A       47%         4
 Olgreb's Toxic Radiance  Pois           19%        N/A       47%         4
 Agony                    Necr           19%        N/A       78%         5
 Enfeeble                 Hex            9%         N/A       100%        7


Dungeon Overview and Level Annotations

Branches:
Dungeon (6/15)
 Temple: D:4-7

Altars:
Qazlal
Ru
Vehumet
Wu Jian
The Shining One


Innate Abilities, Weirdness & Mutations

You are a venomous arachnid creature.
You have poisonous fangs.
You are tiny and dextrous.
Your spellcasting is less reliable in this form.
Your armour is entirely melded.
You are incapable of wielding weapons or throwing items.
((You have very sharp teeth.))
Your uncanny sense of smell can sniff out nearby items.
Your experience applies equally to all skills.


Message History

The ogre is severely wounded.
The ogre hits you with a +0 giant spiked club!!
You bite the ogre!
You kill the ogre!
Your Conjurations skill increases to level 3!
Your Hexes skill increases to level 3!
Your Summonings skill increases to level 3!
Your Necromancy skill increases to level 3!
Your Translocations skill increases to level 3!
Your Fire Magic skill increases to level 3!
Your Ice Magic skill increases to level 3!
Your Air Magic skill increases to level 3!
Your Earth Magic skill increases to level 3!
Your Poison Magic skill increases to level 3!
Unknown command.
You completely miss the ice beast. The ice beast misses you.
You hit the ice beast.
The ice beast is lightly wounded.
The ice beast hits you. The ice beast freezes you!
You bite the ice beast!
The ice beast is heavily wounded.
The ice beast completely misses you.
You hit the ice beast but do no damage.
The ice beast is heavily wounded.
The ice beast hits you. The ice beast freezes you.
* * * LOW HITPOINT WARNING * * *
You hit the ice beast.
The ice beast is severely wounded.
The ice beast hits you.
* * * LOW HITPOINT WARNING * * *
The ice beast freezes you.
* * * LOW HITPOINT WARNING * * *
You bite the ice beast!
The ice beast is poisoned.
The ice beast is almost dead.
You barely miss the ice beast.
The ice beast is almost dead.
The ice beast hits you.
* * * LOW HITPOINT WARNING * * *
The ice beast freezes you!
You die...

## ########## ..
#........######[###..
#.######.....sY......
#.# #............###
#.# #.########.#....
#.# #. .# ... ####.#
#.# # # .....# #.#
###### #.# #.# ∆ ###
#.#


You could see an ice beast (very poisoned).

Vanquished Creatures
  A water moccasin (D:5)
  An ice beast (D:5)
  2 ogres
  2 black bears
  2 centaurs (D:5)
  A kobold brigand (D:5)
  A bullfrog (D:6)
  3 scorpions
  A hound (D:4)
  A gnoll bouda (D:5)
  An orc priest (D:3)
  2 iguanas (D:4)
  Ijyb (D:3)
  Terence (D:3)
  7 adders
  4 gnolls (D:5)
  An ufetubus (D:6)
  2 worms (D:2)
  4 dart slugs
  8 orcs
  9 endoplasms
  3 giant cockroaches
  7 goblins
  8 hobgoblins
  5 jackals
  2 quokkas
  13 ball pythons
  6 bats
  4 frilled lizards
  17 kobolds
  6 rats
126 creatures vanquished.

Notes
Turn   | Place    | Note
-------+----------+-------------------------------------------
     0 | D:1      | themarg the Gnoll Transmuter began the quest for the Orb.
     0 | D:1      | Reached XP level 1. HP: 17/17 MP: 6/6
   342 | D:1      | Reached XP level 2. HP: 19/23 MP: 5/7
   345 | D:1      | Learned a level 2 spell: Wereblood
   737 | D:1      | Reached skill level 5 in Spellcasting
   737 | D:1      | Reached XP level 3. HP: 22/28 MP: 6/9
   741 | D:1      | Learned a level 3 spell: Spider Form
  1375 | D:1      | Reached skill level 1 in Invocations
  1935 | D:2      | Reached skill level 1 in Short Blades
  1935 | D:2      | Reached skill level 1 in Long Blades
  1935 | D:2      | Reached skill level 1 in Axes
  1935 | D:2      | Reached skill level 1 in Maces & Flails
  1935 | D:2      | Reached skill level 1 in Polearms
  1935 | D:2      | Reached skill level 1 in Staves
  1935 | D:2      | Reached skill level 1 in Ranged Weapons
  1935 | D:2      | Reached skill level 1 in Throwing
  1935 | D:2      | Reached skill level 1 in Armour
  1935 | D:2      | Reached skill level 1 in Stealth
  1935 | D:2      | Reached skill level 1 in Shields
  1935 | D:2      | Reached skill level 1 in Evocations
  2340 | D:2      | Reached XP level 4. HP: 31/34 MP: 4/11
  2640 | D:2      | Found a faded altar of an unknown god.
  2793 | D:2      | Reached skill level 1 in Conjurations
  2793 | D:2      | Reached skill level 1 in Hexes
  2793 | D:2      | Reached skill level 1 in Summonings
  2793 | D:2      | Reached skill level 1 in Necromancy
  2793 | D:2      | Reached skill level 1 in Translocations
  2793 | D:2      | Reached skill level 1 in Fire Magic
  2793 | D:2      | Reached skill level 1 in Ice Magic
  2793 | D:2      | Reached skill level 1 in Air Magic
  2793 | D:2      | Reached skill level 1 in Earth Magic
  2793 | D:2      | Reached skill level 1 in Poison Magic
  2858 | D:3      | Noticed Terence
  2869 | D:3      | Killed Terence
  2879 | D:3      | Reached XP level 5. HP: 32/40 MP: 6/12
  3104 | D:3      | Noticed Ijyb
  3114 | D:3      | Killed Ijyb
  3745 | D:4      | Found the +1 Delatra's gloves {ID++}
  3762 | D:4      | Reached XP level 6. HP: 47/47 MP: 9/13
  3837 | D:4      | Found a sacrificial altar of Ru.
  3941 | D:4      | Noticed a black bear
  3951 | D:4      | Killed a black bear
  3952 | D:4      | Reached skill level 5 in Dodging
  4245 | D:4      | Found a stormy altar of Qazlal.
  4338 | D:4      | Reached skill level 7 in Unarmed Combat
  4338 | D:4      | Reached XP level 7. HP: 50/52 MP: 15/15
  4612 | D:5      | Entered Level 5 of the Dungeon
  5091 | D:5      | Reached XP level 8. HP: 24/60 MP: 12/16
  5103 | D:5      | Found a radiant altar of Vehumet.
  5110 | D:5      | Found a glowing golden altar of the Shining One.
  5632 | D:5      | Found an ornate altar of the Wu Jian Council.
  5980 | D:6      | Slain by an ice beast

Illustrated notes

Levels and vault maps discovered:
D:1:      wander_arrival_peaceful_grave, layout_loops_ring,
          minmay_misc_feat_four_crosses
D:2:      layout_basic, chequers_ecumenical_altar_twisty, nicolae_hexahallways,
          minmay_pentomino_t4
D:3:      cheibrodos_helix_gallery, layout_rooms, uniq_ijyb, uniq_terence
D:4:      minmay_wonky_spiral, layout_cave_pools, mainiacjoe_overflow_paths,
          overflow_temple_1_default
D:5:      layout_loops_ring, nicolae_wu_jian_glorious_leap, minitemple,
          kennysheep_doodads
D:6:      layout_loops_ring, tgw_kikubaaqudgha, minmay_hedge_maze

Skill      XL: |  1  2  3  4  5  6  7  8 |
---------------+-------------------------+-----
Spellcasting   | 5 6 |  6.3
Invocations    | 1 2 3 4 |  4.0
Short Blades   | 1 2 3 |  3.7
Long Blades    | 1 2 3 |  3.7
Axes           | 1 2 3 |  3.7
Maces & Flails | 1 2 3 |  3.7
Polearms       | 1 2 3 |  3.7
Staves         | 1 2 3 |  3.7
Ranged Weapons | 1 2 3 |  3.7
Throwing       | 1 2 3 |  3.7
Armour         | 1 2 3 |  3.7
Stealth        | 1 2 3 |  3.7
Shields        | 1 2 3 |  3.7
Evocations     | 1 2 3 |  3.7
Conjurations   | 1 2 3 |  3.0
Hexes          | 1 2 3 |  3.0
Summonings     | 1 2 3 |  3.0
Necromancy     | 1 2 3 |  3.0
Translocations | 1 2 3 |  3.0
Fire Magic     | 1 2 3 |  3.0
Ice Magic      | 1 2 3 |  3.0
Air Magic      | 1 2 3 |  3.0
Earth Magic    | 1 2 3 |  3.0
Poison Magic   | 1 2 3 |  3.0
Fighting       | 3 4 |  4.5
Transmutations | 4 |  4.9
Dodging        | 5 |  5.9
Unarmed Combat | 7 |  7.6

Action                   |  1- 3 |  4- 6 |  7- 9 || total
-------------------------+-------+-------+-------++-------
Melee: Club              |    29 |       |       ||    29
       Kick              |    27 |     3 |       ||    30
       Headbutt          |    13 |     2 |       ||    15
       Unarmed           |     8 |    96 |    89 ||   193
       Bite              |     8 |     2 |     1 ||    11
       Dagger            |    82 |    14 |     3 ||    99
       Punch             |     4 |     1 |       ||     5
 Cast: Beastly Appendage |    27 |     4 |       ||    31
       Wereblood         |     3 |     1 |     1 ||     5
       Spider Form       |     1 |    20 |    11 ||    32
 Stab: Sleeping          |     2 |     3 |     1 ||     6
Armor: Robe              |    15 |     2 |     1 ||    18
       Skin              |       |     2 |     4 ||     6
Dodge: Dodged            |    68 |    81 |    78 ||   227
